 Dungeon Crawl Stone Soup version 0.23-a0-586-gacb4b3f (console) character file.

17213 Duffy the Cleaver (level 12, 74/110 HPs)
             Began as a Deep Dwarf Gladiator on Dec 19, 2018.
             Was a Priest of Makhleb.
             Quit the game on level 3 of the Lair of Beasts.
             The game lasted 00:20:01 (12580 turns).

Duffy the Cleaver (Deep Dwarf Gladiator)           Turns: 12580, Time: 00:20:02

Health: 74/110     AC: 18    Str: 21    XL:     12   Next: 16%
Magic:  10/10      EV: 11    Int: 17    God:    Makhleb [***...]
Gold:   360        SH:  0    Dex: 14    Spells: 11/11 levels left

rFire    + . .     SeeInvis .   R - +3 broad axe "Vuvic" {drain, rF+ Int+4}
rCold    . . .     Gourm    .   (no shield)
rNeg     . . .     Faith    .   u - +0 plate armour
rPois    +         Spirit   .   c - +0 helmet
rElec    .         Reflect  .   O - scarf {cloud immunity}
rCorr    +         Harm     .   S - +0 pair of gloves "Junutulu" {*Slow rPois rCorr} (curse)
MR       +....                  N - +0 pair of boots
Stlth    ..........             (no amulet)
HPRegen  0.00/turn              E - ring of stealth
MPRegen  0.12/turn              F - +2 ring of intelligence

@: non-regenerating
A: damage resistance, heal wounds, sense surroundings 2, no regeneration
a: Heal Wounds, Minor Destruction, Lesser Servant of Makhleb, Renounce Religion


You were on level 3 of the Lair of Beasts.
You worshipped Makhleb.
Makhleb was most pleased with you.
You were very hungry.

You visited 4 branches of the dungeon, and saw 17 of its levels.
You also visited: Sewer.

You collected 1023 gold pieces.
You spent 663 gold pieces at shops.

Inventory:

Hand Weapons
 a - a +0 war axe
 b - a +1 hand axe of venom
 w - a +0 blowgun
 Q - a +0 battleaxe
 R - the +3 broad axe "Vuvic" (weapon) {drain, rF+ Int+4}
   (You acquired it on level 3 of the Lair of Beasts)

   A truly terrible weapon, it drains the life of those it strikes.
   It affects your intelligence (+4).
   It protects you from fire.
Missiles
 d - 7 throwing nets (quivered)
 P - 3 curare-tipped needles
Armour
 c - a +0 helmet (worn)
 u - a +0 plate armour (worn)
 N - a +0 pair of boots (worn)
 O - a scarf of cloud immunity (worn)
 S - the cursed +0 pair of gloves "Junutulu" (worn) {*Slow rPois rCorr}
   (You found it on level 2 of the Lair of Beasts)

   It protects you from poison.
   It provides partial protection from all sources of acid and corrosion.
   It may slow you when you take damage.
   It has a curse placed upon it.
Jewellery
 E - a ring of stealth (left hand)
 F - a +2 ring of intelligence (right hand)
 U - an uncursed ring of stealth
Wands
 g - a wand of acid (6)
 h - a wand of random effects (5)
 v - a wand of flame (9)
 I - a wand of polymorph (7)
Scrolls
 e - a scroll of enchant weapon {unknown}
 i - 13 scrolls of teleportation {unknown}
 j - 16 scrolls of identify
 k - 9 scrolls of remove curse {unknown}
 n - a scroll of holy word {unknown}
 s - 3 scrolls of amnesia {unknown}
 t - 2 scrolls of fear {unknown}
 x - a scroll of magic mapping {unknown}
 y - 4 scrolls of fog {unknown}
 B - 4 scrolls of noise {unknown}
 D - 7 scrolls of enchant armour {unknown}
 G - 4 scrolls of random uselessness {unknown}
 J - 3 scrolls of immolation
 K - a scroll of blinking {unknown}
 T - a scroll of vulnerability {unknown}
 W - a scroll of summoning
Potions
 l - 4 potions of might
 m - 10 potions of curing
 o - 8 potions of heal wounds
 p - 4 potions of mutation {unknown}
 q - 6 potions of brilliance {unknown}
 r - 2 potions of agility {unknown}
 z - 5 potions of magic {unknown}
 A - 4 potions of invisibility {unknown}
 C - 3 potions of flight
 H - 2 potions of cancellation {unknown}
 L - a potion of haste {unknown}
 M - 2 potions of lignification
Comestibles
 f - 30 rations


   Skills:
 + Level 8.1 Fighting
 + Level 13.5 Axes
 - Level 1.7 Throwing
 + Level 9.4 Armour
 + Level 10.0 Dodging
 - Level 7.0 Invocations


You had 11 spell levels left.
You didn't know any spells.
Your spell library contained the following spells:

 Spells                   Type           Power        Failure   Level  Hunger
 Beastly Appendage        Tmut           #.....       98%         1    ##.....
 Flame Tongue             Conj/Fire      #....        98%         1    ##.....
 Sting                    Conj/Pois      #...         98%         1    ##.....
 Poisonous Vapours        Pois/Air       #.....       99%         2    ###....
 Sticks to Snakes         Tmut           #.......     99%         2    ###....
 Throw Flame              Conj/Fire      #.....       99%         2    ###....
 Conjure Flame            Conj/Fire      #.......     100%        3    ####...
 Inner Flame              Hex/Fire       #.......     100%        3    ####...
 Mephitic Cloud           Conj/Pois/Air  #.......     100%        3    ####...
 Spider Form              Tmut/Pois      #.........   100%        3    ####...
 Ice Form                 Ice/Tmut       #.......     100%        4    #####..
 Olgreb's Toxic Radiance  Pois           #.......     100%        4    #####..
 Sticky Flame             Conj/Fire      #.......     100%        4    #####..
 Blade Hands              Tmut           #.........   100%        5    ######.
 Fireball                 Conj/Fire      #.........   100%        5    ######.
 Venom Bolt               Conj/Pois      #.........   100%        5    ######.


Dungeon Overview and Level Annotations

Branches:
Dungeon (12/15)            Temple (1/1) D:4            Lair (3/6) D:10
 Shoals (0/4) Lair:2        Snake (0/4) Lair:2          Orc (1/2) D:12

Altars:
Ashenzari
Cheibriados
Dithmenos
Elyvilon
Fedhas
Gozag
Hepliaklqana
Kikubaaqudgha
Makhleb
Nemelex Xobeh
Okawaru
Qazlal
Ru
Sif Muna
Trog
Uskayaw
Vehumet
Wu Jian
Xom
Yredelemnul
Zin
The Shining One

Shops:
D:6 [!   D:10 %}   D:12 !

Annotations:
D:9 exclusion: orange crystal statue
D:12 Dig


Innate Abilities, Weirdness & Mutations

You are resistant to damage.
You can heal yourself by infusing magical energy.
You passively map the area around you.
You do not regenerate.


Message History

You now have 360 gold pieces (gained 16).
You are feeling very hungry.
Found 3 needles of sleeping.
j - 18 scrolls labeled VOPTUL POTI (gained 1)
Found a mace.
As you read the scroll labeled VOPTUL POTI, it crumbles to dust.
It is a scroll of identify.
W - a scroll of summoning
As you read the scroll of identify, it crumbles to dust.
V - a scroll of acquirement [a] Weapon [b] Armour [c] Jewellery [d] Book [e] Staff [f] Evocable [g] Food [h] Gold (you have $360)
What kind of item would you like to acquire? [\] known items [$] shopping list Something appears at your feet!
R - a pitted broad axe Wield which item (- for none, * to show all)? (? for menu, Esc to quit)
You feel clever.
You sense an unholy aura.
R - the +3 broad axe "Vuvic" (weapon)
{drain, rF+ Int+4} Are you sure you want to abandon this character and quit the game? (Confirm

,, >, ,, , , ~
#... ,, ,
,~~~~ * ,
...#, , , ,, *
* #..#### * *
~ ~ ,,
##..$#.### **
~ * #...P...)
~ ,
*..###$..P..#
* ........#.#
** ,
.......@..## *
, ...........#
, ........#..#
* , ,
........#.## *
...........#
**........P.##
* *, ,
*,..........##
* , *
.#.##P..#..# ,
.##......## **
,, ,


There were no monsters in sight!

Vanquished Creatures
  Erolcha (Orc:1)
  Harold (D:9)
  Pikel (D:4)
  An ugly thing (D:12)
  The ghost of Lavandula the Martial Artist, a novice OpHu of Ru (D:6)
  2 manticores (D:12)
  A centaur zombie (D:8)
  A spiny frog (Lair:1)
  A kobold demonologist (D:6)
  A komodo dragon (D:12)
  4 slime creatures (D:12)
  3 hippogriffs
  Sigmund (D:4)
  A wraith (D:10)
  11 yaks
  Grum (D:10)
  4 nagas (Lair:2)
  4 water moccasins
  A black bear (D:12)
  A porcupine (D:10)
  3 orc warriors
  A slave (D:4)
  A necrophage (D:8)
  4 sky beasts
  A phantom (D:5)
  2 centaurs (D:12)
  5 wolves
  3 ogres
  4 crocodiles
  2 big kobolds
  Blork the orc (D:4)
  5 bullfrogs
  2 gnoll sergeants (D:10)
  A wyvern skeleton (D:11)
  9 scorpions
  15 killer bees
  3 crimson imps
  2 bullfrog zombies
  8 orc wizards
  3 orc priests
  4 centaur skeletons
  7 hounds
  A jelly (D:8)
  3 bullfrog skeletons
  A gnoll shaman (D:10)
  5 iguanas
  9 worker ants
  A hound zombie (D:9)
  A hound skeleton (D:8)
  15 adders
  17 gnolls (D:10)
  2 shadow imps (D:12)
  2 oozes
  An adder skeleton (D:4)
  A worm (D:3)
  A dart slug (D:2)
  8 leopard geckos
  40 orcs
  6 ball pythons
  6 bats
  7 giant cockroaches
  8 goblins
  9 hobgoblins
  18 jackals
  A quokka (D:8)
  6 frilled lizards
  17 kobolds
  6 rats
  9 plants
329 creatures vanquished.

Vanquished Creatures (collateral kills)
  3 hydras
  A two-headed ogre (Orc:1)
  The ghost of Xak the Grappler, a novice TrVM of Cheibriados (D:10)
  2 spiny frogs
  A komodo dragon (Lair:1)
  A yaktaur (D:10)
  A hippogriff (Lair:1)
  A naga (Lair:2)
  3 orc warriors (Orc:1)
  An ogre (Orc:1)
  5 big kobolds (D:6)
  A bullfrog (Lair:2)
  A bullfrog skeleton (D:12)
  7 orcs (Orc:1)
  A plant (Lair:1)
30 creatures vanquished.

Vanquished Creatures (others)
  3 fungi
  A plant (Sewer)
4 creatures vanquished.

Grand Total: 363 creatures vanquished

Notes
Turn   | Place    | Note
-------+----------+-------------------------------------------
     0 | D:1      | Duffy the Deep Dwarf Gladiator began the quest for the Orb.
     0 | D:1      | Reached XP level 1. HP: 19/19 MP: 1/1
   112 | D:1      | Reached skill level 4 in Axes
   112 | D:1      | Reached XP level 2. HP: 24/26 MP: 2/2
   736 | D:2      | Found a faded altar of an unknown god.
   781 | D:2      | Reached XP level 3. HP: 29/32 MP: 3/3
   949 | D:2      | Reached skill level 5 in Axes
  1166 | D:2      | Reached XP level 4. HP: 33/39 MP: 4/4
  1509 | D:3      | Reached skill level 6 in Axes
  1666 | D:3      | Reached XP level 5. HP: 30/45 MP: 5/5
  1746 | D:3      | Noticed a black bear
  1828 | D:4      | Noticed Blork the orc
  1842 | D:4      | Killed Blork the orc
  1842 | D:4      | Reached skill level 7 in Axes
  1881 | D:4      | Found a glowing drain.
  1892 | D:4      | Noticed a slave
  1892 | D:4      | Noticed a slave
  1892 | D:4      | Noticed a slave
  1893 | D:4      | Noticed Pikel
  1894 | D:4      | Noticed a slave
  1923 | D:4      | Killed a slave
  1925 | D:4      | Killed Pikel
  1925 | D:4      | Reached skill level 9 in Axes
  1925 | D:4      | Reached XP level 6. HP: 19/52 MP: 6/6
  1925 | D:4      | Reached XP level 7. HP: 21/58 MP: 7/7
  1941 | Sewer    | Entered a sewer
  2783 | D:4      | Found a staircase to the Ecumenical Temple.
  2795 | Temple   | Entered the Ecumenical Temple
  2910 | Temple   | Became a worshipper of Makhleb the Destroyer
  2982 | D:4      | Noticed Sigmund
  2997 | D:4      | Killed Sigmund
  2997 | D:4      | Reached skill level 10 in Axes
  3165 | D:4      | Reached XP level 8. HP: 45/66 MP: 7/7
  3562 | D:5      | Entered Level 5 of the Dungeon
  3681 | D:5      | Reached skill level 11 in Axes
  3864 | D:5      | Reached * piety under Makhleb
  4004 | D:5      | Reached skill level 12 in Axes
  4412 | D:6      | Found Nohakoz's Weapon Shoppe.
  4494 | D:6      | Noticed a kobold demonologist
  4494 | D:6      | Noticed Lavandula's ghost (novice OpHu)
  4495 | D:6      | Found a runed gate.
  4495 | D:6      | Found a runed gate.
  4495 | D:6      | Found a runed gate.
  4631 | D:6      | Found Webeg's Distillery.
  4678 | D:6      | Bought a potion of might for 52 gold pieces
  4678 | D:6      | Bought a potion of curing for 39 gold pieces
  4678 | D:6      | Bought a potion of degeneration for 13 gold pieces
  4678 | D:6      | Bought a potion of flight for 39 gold pieces
  4692 | D:6      | Found Fyiv's Antique Armour Boutique.
  4980 | D:6      | Gained mutation: You passively map the area around you.
                  | [Deep Dwarf growth]
  4980 | D:6      | Reached XP level 9. HP: 66/73 MP: 7/7
  4989 | D:6      | Reached skill level 13 in Axes
  5025 | D:6      | Found a shimmering altar of Xom.
  5197 | D:7      | Reached ** piety under Makhleb
  5782 | D:8      | Reached skill level 1 in Armour
  6011 | D:8      | Reached skill level 5 in Dodging
  6379 | D:9      | Noticed an orange crystal statue
  6400 | D:9      | Reached *** piety under Makhleb
  6505 | D:9      | Reached XP level 10. HP: 27/85 MP: 8/8
  6753 | D:9      | Noticed Harold
  6785 | D:9      | Killed Harold
  6785 | D:9      | Reached skill level 5 in Armour
  7069 | D:6      | Bought a translucent chain mail for 247 gold pieces
  7079 | D:6      | Identified the +1 chain mail of Kleptomania {Dex+3 Stlth+}
                  | (You bought it in a shop on level 6 of the Dungeon)
  7200 | D:10     | Entered Level 10 of the Dungeon
  7259 | D:9      | Reached skill level 5 in Fighting
  7354 | D:10     | Noticed Grum
  7367 | D:10     | Killed Grum
  7416 | D:10     | Found Difiuchah's Food Emporium.
  7425 | D:10     | Found a runed door.
  7427 | D:10     | Noticed Xak's ghost (novice TrVM)
  7559 | D:9      | Reached **** piety under Makhleb
  7699 | D:10     | Found a staircase to the Lair.
  7799 | D:10     | Found Mewnom's Gadget Emporium.
  7811 | D:10     | Reached XP level 11. HP: 69/98 MP: 7/7
  8958 | D:12     | Found a staircase to the Orcish Mines.
  8968 | D:12     | Found Huysobb's Distillery.
  8974 | D:12     | Bought 2 potions of heal wounds for 120 gold pieces
  8974 | D:12     | Bought a potion of lignification for 36 gold pieces
  8989 | D:12     | Reached skill level 1 in Invocations
  9236 | D:12     | Reached ***** piety under Makhleb
  9463 | D:12     | Noticed a green ugly thing
  9474 | D:12     | Killed a green ugly thing
  9682 | Orc:1    | Entered Level 1 of the Orcish Mines
  9698 | Orc:1    | Noticed Erolcha
  9704 | Orc:1    | Killed Erolcha
  9871 | Orc:1    | Noticed a two-headed ogre
  9880 | Orc:1    | Killed a two-headed ogre
 10262 | D:6      | Bought a pair of boots for 117 gold pieces
 10311 | D:6      | Reached skill level 5 in Invocations
 10326 | D:6      | Killed Lavandula's ghost
 10447 | D:10     | Killed Xak's ghost
 10514 | Lair:1   | Entered Level 1 of the Lair of Beasts
 10568 | Lair:1   | Noticed a seven-headed hydra
 10585 | Lair:1   | Killed a seven-headed hydra
 11309 | Lair:2   | Noticed a six-headed hydra
 11319 | Lair:2   | Killed a six-headed hydra
 11319 | Lair:2   | Reached XP level 12. HP: 43/110 MP: 11/11
 11327 | Lair:2   | Got a pair of jewelled gloves
 11338 | Lair:2   | Identified the cursed +0 pair of gloves "Junutulu" {*Slow
                  | rPois rCorr} (You found it on level 2 of the Lair of
                  | Beasts)
 11412 | Lair:2   | Found a staircase to the Snake Pit.
 11533 | Lair:2   | Noticed a six-headed hydra
 12095 | Lair:2   | Found a staircase to the Shoals.
 12181 | Lair:2   | Killed a six-headed hydra
 12181 | Lair:2   | Reached skill level 10 in Dodging
 12576 | Lair:3   | Identified a scroll of acquirement
 12578 | Lair:3   | Got a pitted broad axe
 12579 | Lair:3   | Identified the +3 broad axe "Vuvic" {drain, rF+ Int+4} (You
                  | acquired it on level 3 of the Lair of Beasts)
 12580 | Lair:3   | Quit the game

Vault maps used:
D:1:      roderic_crop_circles_arrival_small, minmay_ruptured
D:2:      first_ration, serial_glass, glass_columns_a, glass_columns_b,
          chequers_ecumenical_altar_simple
D:4:      minmay_temple_entry_tees, cheibrodos_sewer_entry_sluice,
          uniq_blork_the_orc, uniq_sigmund, uniq_pikel
D:5:      kennysheep_another_room, grunt_ministairs_1, dk_noncrumbling_4,
          minmay_increasing_density
D:6:      old_standard_altar, serial_shops, nicolae_shop_crystal,
          nicolae_shop_stone, shop, gammafunk_ghost_nasty_kobolds
D:7:      nicolae_sextant
D:9:      minmay_statue_hallways, uniq_harold
D:10:     grunt_lair_entry_orc_guard_hut, ebering_ghost_inner_flame,
          serial_gnoll_camp, gnoll_camp_medium_02, gnoll_camp_mini_sergeant,
          grums_kennel, gnoll_camp_mini_shop, gnoll_camp_mini_shop
D:12:     orc_0_dummy, serial_shops, shop, due_unseen_surprise
Temple:   kilobyte_greek_temple
Lair:2:   elwin_shoals_entry_rooms, minmay_snake_entry_guardpost_large
Lair:3:   serial_bayou_shore_a, infiniplex_staircase_pool
Orc:1:    nicolae_orc_lava_room, uniq_erolcha
Sewer:    sewer_co_scattered_pipes

Skill      XL: |  1  2  3  4  5  6  7  8  9 10 11 12 |
---------------+-------------------------------------+-----
Axes           | 4 5 6 9 10 12 13 | 13.5
Fighting       | 4 6 7 8 |  8.1
Armour         | 4 7 9 |  9.4
Dodging        | 5 8 9 10 | 10.0
Invocations    | 6 7 |  7.0
Throwing       | |  1.7

Action                   |  1- 3 |  4- 6 |  7- 9 | 10-12 || total
-------------------------+-------+-------+-------+-------++-------
Melee: War axe           |    86 |     2 |    95 |   169 ||   352
       Hand axe          |       |    98 |   565 |   384 ||  1047
       Battleaxe         |       |       |       |   100 ||   100
Invok: Lesser Servant of |       |       |       |    18 ||    18
 Abil: Heal Wounds       |       |     1 |     7 |    10 ||    18
Evoke: Wand              |       |       |       |     3 ||     3
  Use: Scroll            |       |       |       |     3 ||     3
 Stab: Distracted        |       |       |       |     2 ||     2
  Eat: Chunk             |     1 |     2 |    16 |    12 ||    31
       Ration            |       |       |       |     2 ||     2
Armor: Leather armour    |     2 |       |       |       ||     2
       Scale mail        |    54 |    40 |    44 |       ||   138
       Chain mail        |       |       |    49 |       ||    49
       Plate armour      |       |       |   114 |   365 ||   479
Dodge: Dodged            |    54 |    64 |   179 |   324 ||   621

Table legend:
 A = Non-vault XP
 B = Vault XP
 C = Vault XP percentage of total XP
 D = Non-vault monster count
 E = Vault monster count
 F = Vault count percentage of total count
                 A         B        C        D         E       F
            +---------+---------+-------+---------+---------+-------
      Total |   17718 |    6872 |  27.9 |     263 |      85 |  24.4
            +---------+---------+-------+---------+---------+-------
        D:1 |      17 |       2 |  10.5 |       9 |       1 |  10.0
        D:2 |      82 |       0 |   0.0 |      25 |       0 |   0.0
        D:3 |     101 |       0 |   0.0 |      25 |       0 |   0.0
        D:4 |     148 |     980 |  86.9 |      11 |       6 |  35.3
        D:5 |     956 |      52 |   5.2 |      22 |       5 |  18.5
        D:6 |     508 |    1102 |  68.4 |      17 |       8 |  32.0
        D:7 |     666 |       0 |   0.0 |      14 |       0 |   0.0
        D:8 |    1696 |       0 |   0.0 |      28 |       0 |   0.0
        D:9 |    2534 |    1147 |  31.2 |      19 |       4 |  17.4
       D:10 |    1023 |    2171 |  68.0 |      10 |      32 |  76.2
       D:11 |     442 |       0 |   0.0 |       5 |       0 |   0.0
       D:12 |    4338 |       0 |   0.0 |      38 |       0 |   0.0
     Temple |      67 |       0 |   0.0 |       1 |       0 |   0.0
     Lair:1 |    2234 |       0 |   0.0 |      12 |       0 |   0.0
     Lair:2 |    1880 |     705 |  27.3 |       7 |       5 |  41.7
      Orc:1 |    1026 |     664 |  39.3 |      20 |       1 |   4.8
      Sewer |       0 |      49 | 100.0 |       0 |      23 | 100.0
            +---------+---------+-------+---------+---------+-------
